 Dungeon Crawl Stone Soup version 0.31-a0-626-g8143ab4f1d (webtiles) character file.

Game seed: 16337595282249488303

129 thirtiethelement the Changeling (level 4, 0/32 HPs)
             Began as a Demonspawn Shapeshifter on Aug 25, 2023.
             Succumbed to a gnoll's poison
             ... on level 3 of the Dungeon.
             The game lasted 00:09:03 (2057 turns).

thirtiethelement the Changeling (DsSh)              Turns: 2057, Time: 00:09:03

Health: 0/32       AC:  6    Str: 18    XL:     4   Next: 88%
Magic:  4/4        EV: 12    Int:  9    God:
Gold:   125        SH:  0    Dex: 13    Spells: 3/3 levels left

rFire   + . .        b - +2 dagger (flame)
rCold   + . .        (no shield)
rNeg    . . .        g - +0 leather armour
rPois   +            e - +0 helmet
rElec   +            (no cloak)
rCorr   +            l - +0 pair of gloves
SInv    .            a - +0 pair of boots
Will    +....        (no amulet)
Stlth   +            (no ring)
HPRegen 0.25/turn    (no ring)
MPRegen 0.09/turn

%: no passive effects
@: lethally poisoned (0 -> -1), resistant, enlightened, flying
A: demonic guardian 1, demonic magic 1
a: no special abilities


You were on level 3 of the Dungeon.
You visited 1 branch of the dungeon, and saw 3 of its levels.

You collected 150 gold pieces.
You spent 25 gold pieces at shops.

Inventory:

Hand Weapons
 b - a +2 dagger of flaming (weapon)
 m - a +4 broad axe
Armour
 a - a +0 pair of boots (worn)
 e - a +0 helmet (worn)
 g - a +0 leather armour (worn)
 l - a +0 pair of gloves (worn)
Talismans
 c - a beast talisman
 d - a flux talisman
Scrolls
 i - 2 scrolls of immolation
Potions
 h - a potion of enlightenment


   Skills:
 + Level 1.5 Fighting
 + Level 1.2 Short Blades
 + Level 2.0 Armour
 + Level 2.2 Dodging
 + Level 0.5 Stealth
 - Level 3.1 Unarmed Combat
 + Level 3.2 Shapeshifting


You had 3 spell levels left.
You didn't know any spells.
Your spell library contained the following spells:

 Spells                   Type           Power      Damage    Failure   Level
 Lesser Beckoning         Tloc           0%         N/A       58%         2
 Gell's Gravitas          Tloc           0%         N/A       82%         3
 Teleport Other           Tloc           0%         N/A       82%         3


Dungeon Overview and Level Annotations

Branches:
Dungeon (3/15)

Altars:

Shops:
D:1 (((*   D:3 =


Innate Abilities, Weirdness & Mutations

A weak demonic guardian rushes to your aid.
Spells you cast may paralyse adjacent enemies.


Message History

You hear a shout!
As you read the scroll labelled QODOKK CYIXE, it crumbles to dust.
You feel aware of your surroundings.
You sensed 1 shop/portal.
It was a scroll of revelation.
It was a potion of heal wounds.
You feel much better.
Okay, then.
It was a potion of enlightenment.
You feel very buoyant.
You fly up into the air.
It was a potion of resistance.
You feel protected.
The gnoll hits you from afar with a +2 heavy spear.
The gnoll attacks as it pursues you!
The gnoll hits you from afar with a +2 heavy spear.
The gnoll hits you from afar with a +2 heavy spear.
The gnoll attacks as it pursues you!
The gnoll hits you from afar with a +2 halberd of venom!
You are lethally poisoned!
You feel very sick. The gnoll attacks as it pursues you!
The gnoll barely misses you.
Okay, then.
* * * LOW HITPOINT WARNING * * *
You feel very sick. The gnoll attacks as it pursues you! The gnoll misses you.
* * * LOW HITPOINT WARNING * * *
You feel sick. The gnoll attacks as it pursues you!
The gnoll closely misses you.
* * * LOW HITPOINT WARNING * * *
You feel sick.
* * * LOW HITPOINT WARNING * * *
You feel sick.
* * * LOW HITPOINT WARNING * * *
You feel sick.
* * * LOW HITPOINT WARNING * * *
You feel sick.
* * * LOW HITPOINT WARNING * * *
You feel sick.
* * * LOW HITPOINT WARNING * * *
You feel sick.
You die...

,,,,,,,..#,,,** #..##########..##
,,,,,,,....######..##########.###
,,,,,,<.........#..##########.###
**,,,,,...........g...........###
**,,,*,##.####....#...g.....†...#
*,,*,,,**,* #....#...g.........#
,,***,,##.####....####........###
,,,,,,,..........## ##.........##
*****,,##.####..@.# ##.........##
*****,,...........####......#..##
*,>,,,,.#.####......>#..(...#..##
*,,,,,,,*,* #....##...........###
*,,,,,,,*,* #...#...##........###
*,,,,,,,*,* #.#...#.##.....B..###
*,,,,,,,*.###....÷..##..........#
,,,,,,,,,......###)...........###
,***,,,,,.....>............##.#*


You could see a gnoll.

Vanquished Creatures
  2 gnolls
  6 adders
  2 dart slugs
  2 bats (D:2)
  8 endoplasms
  2 giant cockroaches
  5 goblins
  A hobgoblin (D:3)
  4 jackals (D:2)
  3 quokkas (D:1)
  7 ball pythons
  3 frilled lizards
  4 kobolds
  2 rats
51 creatures vanquished.

Vanquished Creatures (collateral kills)
  A hobgoblin (D:3)
1 creature vanquished.

Grand Total: 52 creatures vanquished

Notes
Turn   | Place    | Note
-------+----------+-------------------------------------------
     0 | D:1      | thirtiethelement the Demonspawn Shapeshifter began the
                  | quest for the Orb.
     0 | D:1      | Reached XP level 1. HP: 15/15 MP: 1/1
    87 | D:1      | Found Koceil's Weapon Shop.
   365 | D:1      | Gained mutation: Spells you cast may paralyse adjacent
                  | enemies. [demonic ancestry]
   365 | D:1      | Reached XP level 2. HP: 18/21 MP: 2/2
   379 | D:1      | Found Xoongogg's Weapon Shoppe.
   468 | D:1      | Found Buful's Antique Weapon Shop.
   513 | D:1      | Found Efrumapp's Assorted Antiques.
   517 | D:1      | Bought a scroll labelled GYAHYG OPPURIMN for 25 gold pieces
   828 | D:2      | Gained mutation: A weak demonic guardian rushes to your
                  | aid. [demonic ancestry]
   828 | D:2      | Reached XP level 3. HP: 11/26 MP: 3/3
   996 | D:2      | Reached skill level 1 in Armour
  1691 | D:3      | Reached XP level 4. HP: 30/32 MP: 4/4
  1839 | D:3      | Reached skill level 1 in Short Blades
  1847 | D:3      | Found Duduty Goimp's Jewellery Boutique.
  2055 | D:3      | HP: 1/32 [poisoned by a gnoll]
  2057 | D:3      | Succumbed to a gnoll's poison

Illustrated notes

Levels and vault maps discovered:
D:1:      dpeg_arrival_more_subterranean_lakeside_camping, layout_basic,
          serial_glass, glass_columns_c, glass_columns_a, serial_shops, shop,
          shop, shop, shop, minmay_misc_feat_square, fountainhead
D:2:      layout_basic, chequers_serial_rivers_micro_c
D:3:      layout_rooms, serial_shops, nicolae_shop_hallway_plus, shop,
          roderic_roman_lattice

Skill      XL: |  1  2  3  4 |
---------------+-------------+-----
Shapeshifting  | 3 |  3.2
Dodging        | 2 |  2.2
Unarmed Combat | 3 |  3.1
Armour         | 1 2 |  2.0
Short Blades   | 1 |  1.2
Fighting       | |  1.5
Stealth        | |  0.5

Action                     |  1- 3 |  4- 6 || total
---------------------------+-------+-------++-------
  Melee: Unarmed           |    59 |       ||    59
         Punch             |     2 |     1 ||     3
         Dagger            |    53 |    48 ||   101
    Use: Potion            |     1 |     3 ||     4
         Scroll            |     3 |     2 ||     5
   Stab: Sleeping          |     2 |       ||     2
 Armour: Animal skin       |     2 |       ||     2
         Leather armour    |    18 |    12 ||    30
         Skin              |     3 |       ||     3
  Dodge: Dodged            |    57 |    26 ||    83
         Form:             |     2 |       ||     2
         Beast             |     1 |       ||     1

Table legend: (Time is in decaauts)
 A = Elapsed time spent in this place.
 B = Non-inter-level travel time spent in this place.
 C = Inter-level travel time spent in this place.
 D = Time resting spent in this place.
 E = Time spent auto-exploring this place.
 F = Levels seen in this place.
 G = Mean time per level.
                   A        B        C        D        E       F      G
               +--------+--------+--------+--------+--------+-----+--------+
         Total |   2054 |   2030 |     24 |    163 |   1208 |   3 |  684.7 |
       Dungeon |   2054 |   2030 |     24 |    163 |   1208 |   3 |  684.7 |
               +--------+--------+--------+--------+--------+-----+--------+

Top non-repeatable levels by time:
     D:2: 1002 daAuts
     D:1: 761 daAuts
     D:3: 290 daAuts
